AoeStats
← Sugy

MegaRandom

503797327Analyzed
4v4 RM · 1mo ago on Sep 2, 2026· 48m 28s· 8 players
Game mode
Random Map
Map size
Large (8 player)
Population
200
Speed
Normal
Resources
Standard
Victory
Conquest
Starting age
Dark Age
Ending age
Imperial Age
RankedLock teamsTeams togetherTeam positionsShared explorationLock speedFull tech treeHidden civsTurbo modeCheats
Victory
Defeat
🇨🇿 Vietnamese · Czechia
912
+16
🇭🇰 Burgundians · Hong Kong SAR China
901
+17
🇭🇰 Turks · Hong Kong SAR China
885
+17
🇨🇿 Goths · Czechia
819
+20
🇨🇭 Spanish · Switzerland
949
-19
🇩🇪 Poles · Germany
939
-19
🇺🇸 Goths · United States
912
-18
🇩🇪 Huns · Germany
856
-15
XxMasterxX
0:38 Loom
12:07 Feudal Age
12:16 Man-at-Arms
12:46 Horse Collar
17:41 Forging
17:54 Padded Archer Armor
18:52 Scale Mail Armor
24:11 Castle Age
22:09 Stone Mining
24:18 Scale Barding Armor
24:17 Fletching
24:24 Gold Mining
24:18 Long Swordsman
25:05 Squires
27:03 Town Watch
30:04 Stone Shaft Mining
32:37 Iron Casting
32:18 Leather Archer Armor
32:22 Chain Mail Armor
32:29 Chain Barding Armor
32:04 Bodkin Arrow
38:21 Imperial Age
40:02 Elite Huskarl
Walls vs Zombies 2009
Guerilla62
1:01 Loom
12:24 Feudal Age
13:45 Wheelbarrow
12:59 Double-Bit Axe
13:03 Horse Collar
17:31 Stone Mining
17:32 Gold Mining
18:42 Bloodlines
18:41 Scale Barding Armor
19:08 Forging
27:06 Castle Age
27:48 Husbandry
27:09 Light Cavalry
28:21 Bow Saw
28:14 Heavy Plow
28:33 Hand Cart
28:58 Gold Shaft Mining
29:03 Iron Casting
31:49 Chain Barding Armor
32:11 Marauders
40:05 Imperial Age
41:32 Plate Barding Armor
41:58 Blast Furnace
41:35 Hussar
swiss
9:58 Feudal Age
16:20 Castle Age
14:28 Double-Bit Axe
14:47 Horse Collar
18:59 Husbandry
19:11 Forging
19:09 Loom
20:18 Bloodlines
19:30 Light Cavalry
21:28 Heavy Plow
21:44 Bow Saw
22:21 Scale Barding Armor
23:15 Bloodlines
24:21 Heavy Plow
27:40 Iron Casting
28:29 Wheelbarrow
27:42 Town Watch
27:50 Stone Mining
27:50 Gold Mining
29:20 Chain Barding Armor
31:34 Hand Cart
31:58 Gold Mining
32:48 Stone Shaft Mining
33:47 Fletching
35:17 Bodkin Arrow
35:25 Padded Archer Armor
35:26 Scale Mail Armor
35:47 Herbal Medicine
39:13 Imperial Age
39:18 Cavalier
40:35 Plate Barding Armor
41:02 Blast Furnace
40:49 Hoardings
40:36 Conscription
41:06 Masonry
40:52 Murder Holes
40:46 Paladin
Sugy
14:12 Feudal Age
14:38 Double-Bit Axe
14:39 Fishing Lines
16:45 Loom
17:40 Wheelbarrow
19:35 Castle Age
19:22 Gold Mining
19:25 Stone Mining
20:09 Gillnets
24:34 Bow Saw
26:16 Wheelbarrow
26:31 Town Watch
27:17 Scale Mail Armor
27:08 Fletching
27:18 Padded Archer Armor
27:04 Horse Collar
29:39 Hand Cart
32:15 Imperial Age
30:35 Heavy Plow
31:14 Stone Shaft Mining
32:51 Town Patrol
33:03 Squires
32:49 Arson
33:20 Forging
33:26 Chain Mail Armor
33:07 Bodkin Arrow
33:28 Leather Archer Armor
34:29 Two-Man Saw
34:15 Crop Rotation
34:12 Murder Holes
35:00 Elite Fire Lancer
38:47 Paper Money
39:54 Chemistry
39:15 Ballistics
40:16 Plate Mail Armor
40:16 Ring Archer Armor
39:47 Bracer
40:23 Iron Casting
39:59 Pikeman
40:27 Halberdier
FrostyWeirdo
1:31 Loom
10:14 Feudal Age
10:51 Double-Bit Axe
12:55 Horse Collar
16:46 Scale Mail Armor
18:56 Castle Age
18:27 Wheelbarrow
18:11 Stone Mining
18:25 Gold Mining
20:26 Heavy Plow
20:52 Bow Saw
26:01 Anarchy
27:59 Forging
30:03 Chain Mail Armor
32:32 Iron Casting
33:22 Stone Shaft Mining
32:54 Squires
34:01 Hand Cart
33:32 Town Watch
38:52 Imperial Age
40:04 Conscription
42:11 Two-Man Saw
41:43 Crop Rotation
42:16 Blast Furnace
42:24 Perfusion
43:00 Fletching
42:59 Elite Huskarl
46:50 Fervor
myhoneyee
0:34 Loom
9:55 Feudal Age
18:53 Castle Age
18:22 Horse Collar
18:28 Double-Bit Axe
21:48 Bow Saw
21:34 Light Cavalry
26:44 Wheelbarrow
28:27 Pikeman
33:32 Imperial Age
31:10 Heavy Plow
32:06 Gold Mining
35:47 Hand Cart
37:29 Chemistry
46:39 Two-Man Saw
46:11 Forging
46:01 Scale Mail Armor
46:07 Scale Barding Armor
46:51 Halberdier
47:17 Arson
47:32 Squires
mytristan1122
0:27 Loom
11:53 Feudal Age
16:49 Castle Age
14:57 Horse Collar
15:43 Double-Bit Axe
31:12 Fishing Lines
39:32 Imperial Age
38:46 Heavy Plow
41:07 Wheelbarrow
40:20 Town Watch
41:10 Sipahi
42:51 Conscription
42:59 Forging
44:01 Hand Cart
47:48 Gold Mining
47:49 Stone Mining
47:49 Gold Mining
47:49 Stone Mining
Connection lost

Rejoining the realm…

Still unreachable

The connection could not be restored.

Session expired

The server has moved on; the page needs a fresh start.